 Dungeon Crawl Stone Soup version 0.29.1-1-gd02db6906a (webtiles) character file.

Game seed: 1528211363176659154

710839 gromov111999 the Merry Spriggan (level 27, -27/144 HPs)
             Began as a Spriggan Hunter on Oct 12, 2022.
             Was the Champion of Hepliaklqana.
             Annihilated by a reaper
             ... wielding a +5 scythe of protection
              (50 damage)
             ... in Pandemonium on Oct 13, 2022.
             The game lasted 06:12:38 (68679 turns).

gromov111999 the Merry Spriggan (Spriggan Hunter)  Turns: 68679, Time: 06:12:38

Health: -27/144    AC: 13    Str:  4    XL:     27
Magic:  56/56      EV: 35    Int: 10    God:    Hepliaklqana [******]
Gold:   8212       SH:  0    Dex: 35    Spells: 37/64 levels left

rFire   + + +      SeeInvis +   J - +5 arbalest of Fukacoh {elec, rF+++ rC+ Str-5 Stlth-}
rCold   + + .      Faith    .   (shield currently unavailable)
rNeg    + + .      Spirit   .   t - +1 faerie dragon scales {rCorr MP+9 Dex+2 SInv}
rPois   +          Reflect  .   c - +0 mask of the Dragon {Will+ Slay+3 SInv}
rElec   +          Harm     .   o - +2 cloak {Stlth+}
rCorr   +          Rampage  .   (gloves unavailable)
Will    +++++                   (boots unavailable)
Stlth   +++++.....              l - amulet "Samool" {rN+ Regen+ Int+2}
HPRegen 1.14/turn               B - ring "Xuachyam" {rPois rN+ Str+2}
MPRegen 0.35/turn               W - ring of protection from cold

@: about to teleport, marked, magic-sapped, hasted, studying 5 skills,
invisible, very quick
A: reduced essence, very small, no large weapons, unfitting armour, see
invisible, speed 3, dopey 1, electricity resistance
}: 5/15 runes: decaying, slimy, silver, abyssal, gossamer
a: Renounce Religion, Recall Ancestor, Ancestor Identity, Transference, Idealise


You were in Pandemonium.
You worshipped Hepliaklqana.
Hepliaklqana was exalted by your worship.
You visited 13 branches of the dungeon, and saw 57 of its levels.
You visited Pandemonium 1 time, and saw 1 of its levels.
You visited the Abyss 8 times.
You visited 1 bazaar.
You also visited: Bailey and Ice Cave.

You collected 9540 gold pieces.
You spent 1328 gold pieces at shops.

Inventory:

Hand Weapons
 a - the +10 arbalest of Boebeovi {speed, Int+4 Dex+5}
   (You found it on level 1 of the Vaults)

   Attacks with this weapon are significantly faster.
   Int:       It affects your intelligence (+4).
   Dex:       It affects your dexterity (+5).
 b - the +0 short sword "Huigun" {vamp, Dex+7}
   (You found it on level 14 of the Dungeon)

   It occasionally heals its wielder for a portion of the damage dealt when it
   wounds a living foe.
   Dex:       It affects your dexterity (+7).
 J - the +5 arbalest of Fukacoh (weapon) {elec, rF+++ rC+ Str-5 Stlth-}
   (You found it on level 1 of the Vaults)

   Any ammunition fired from it occasionally discharges a powerful burst of
   electricity upon striking a foe.
   Str:       It affects your strength (-5).
   rF:        It renders you almost immune to fire.
   rC:        It protects you from cold.
   Stlth:     It makes you less stealthy.
Armour
 c - the +0 mask of the Dragon (worn) {Will+ Slay+3 SInv}
   (You bought it in a shop in a bazaar)

   Slay:      It affects your accuracy & damage with ranged weapons and melee
   (+3).
   SInv:      It lets you see invisible.
   Will:      It increases your willpower.
 m - a +2 robe of resistance
 o - a +2 cloak of stealth (worn)
 t - the +1 faerie dragon scales (worn) {rCorr MP+9 Dex+2 SInv}
   (You took it off the Enchantress on level 2 of the Depths)

   Dex:       It affects your dexterity (+2).
   MP:        It affects your magic capacity (+9).
   SInv:      It lets you see invisible.
   rCorr:     It protects you from acid and corrosion.
Jewellery
 d - a ring of wizardry
 k - the ring of Shadows {Umbra +Inv Stlth+}
   (You took it off a yaktaur captain on level 5 of the Vaults)

   [ring of stealth]

   It surrounds you with an aura of shadow, increasing your stealth and reducing
   the accuracy of all others within it.
   +Inv:      It lets you turn invisible.
   Stlth:     It makes you more stealthy.
 l - the amulet "Samool" (around neck) {rN+ Regen+ Int+2}
   (You found it on level 3 of the Crypt)

   [amulet of regeneration]

   Int:       It affects your intelligence (+2).
   rN:        It protects you from negative energy.
   Regen:     It increases your rate of health regeneration.
 B - the ring "Xuachyam" (left hand) {rPois rN+ Str+2}
   (You found it on level 3 of the Crypt)

   [ring of positive energy]

   Str:       It affects your strength (+2).
   rPois:     It protects you from poison.
   rN:        It protects you from negative energy.
 F - a ring of protection from fire
 K - a ring of positive energy
 L - an amulet of reflection
 R - the ring "Jumag" {Will+ Str+5 Stlth+}
   (You found it on level 2 of the Lair of Beasts)

   [ring of willpower]

   Str:       It affects your strength (+5).
   Will:      It increases your willpower.
   Stlth:     It makes you more stealthy.
 W - a ring of protection from cold (right hand)
 X - the ring of Pyuloedgh {Fly Stlth+}
   (You found it on level 5 of the Lair of Beasts)

   [ring of flight]

   Fly:       It grants you flight.
   Stlth:     It makes you more stealthy.
Wands
 s - a wand of digging (17)
 A - a wand of polymorph (26)
 E - a wand of mindburst (30)
 T - a wand of iceblast (23)
 U - a wand of quicksilver (12)
Scrolls
 g - 15 scrolls of identify
 i - 8 scrolls of immolation
 r - 20 scrolls of teleportation
 v - 11 scrolls of butterflies
 w - 2 scrolls of blinking
 C - 5 scrolls of fear
 D - 2 scrolls of magic mapping
 Y - 2 scrolls of summoning
Potions
 e - 10 potions of haste
 f - 9 potions of brilliance
 h - 5 potions of berserk rage
 j - 12 potions of mutation
 p - 29 potions of curing
 u - 14 potions of flight
 x - 9 potions of ambrosia
 G - a potion of invisibility
 M - 8 potions of magic
 N - 15 potions of might
 P - 3 potions of resistance
 Q - 6 potions of heal wounds
 S - 6 potions of lignification
Miscellaneous
 n - a phantom mirror
 y - a tin of tremorstones (2/2)
 I - a condenser vane
 V - a lightning rod (4/4)
 Z - a box of beasts


   Skills:
 - Level 22.0 Fighting
 O Level 27 Ranged Weapons
 - Level 10.5 Armour
 - Level 16.1 Dodging
 - Level 10.0 Stealth
 + Level 19.4 Spellcasting
 - Level 10.0 Hexes
 * Level 14.3 Necromancy
 - Level 15.8 Translocations
 + Level 19.0 Transmutations
 - Level 7.3 Ice Magic
 - Level 11.0 Air Magic
 - Level 8.8 Invocations
 - Level 8.0 Evocations


You had 37 spell levels left.
You knew the following spells:

 Your Spells              Type           Power      Damage    Failure   Level
a - Blink                 Tloc           82%        N/A       1%          2
b - Ensorcelled Hibernat  Hex/Ice        54%        N/A       1%          2
c - Silence               Hex/Air        15%        N/A       3%          5
d - Passage of Golubria   Tloc           41%        N/A       1%          4
e - Dispersal             Tloc           20%        N/A       2%          6
f - Necromutation         Tmut/Necr      21%        N/A       58%         8

Your spell library contained the following spells:

 Spells                   Type           Power      Damage    Failure   Level
 Freeze                   Ice            96%        1d11      1%          1
 Necrotise                Necr           100%       1d9       1%          1
 Sting                    Tmut/Pois      100%       1d8       1%          1
 Passwall                 Tmut/Erth      23%        N/A       1%          2
 Static Discharge         Conj/Air       20%        3-6/arc   1%          2
 Frozen Ramparts          Ice            48%        1d8       1%          3
 Gell's Gravitas          Tloc           41%        N/A       1%          3
 Spider Form              Tmut/Pois      28%        N/A       1%          3
 Swiftness                Air            31%        N/A       1%          3
 Teleport Other           Tloc           41%        N/A       1%          3
 Tukima's Dance           Hex            29%        N/A       1%          3
 Vampiric Draining        Necr           38%        2d8       1%          3
 Airstrike                Air            15%        2d(3-19)  1%          4
 Anguish                  Hex/Necr       17%        N/A       1%          4
 Animate Dead             Necr           38%        N/A       1%          4
 Cause Fear               Hex            14%        N/A       1%          4
 Dispel Undead            Necr           38%        3d16      1%          4
 Ice Form                 Ice/Tmut       36%        N/A       1%          4
 Agony                    Necr           38%        N/A       1%          5
 Blade Hands              Tmut           23%        N/A       1%          5
 Manifold Assault         Tloc           41%        N/A       1%          5
 Yara's Violent Unravell  Hex/Tmut       19%        3d9       1%          5
 Corpse Rot               Necr/Pois/Air  26%        N/A       3%          4
 Dragon Form              Tmut           23%        N/A       3%          7
 Dazzling Flash           Conj/Hex       38%        N/A       4%          3
 Inner Flame              Hex/Fire       19%        N/A       4%          3
 Summon Guardian Golem    Hex/Summ       19%        N/A       4%          3
 Iskenderun's Mystic Bla  Conj/Tloc      25%        2d7       4%          4
 Death Channel            Necr           19%        N/A       4%          6
 Alistair's Intoxication  Tmut/Pois      18%        N/A       6%          5
 Foxfire                  Conj/Fire      36%        2x1d5     11%         1
 Magic Dart               Conj           36%        1d4       11%         1
 Sandblast                Erth           18%        2d7       11%         1
 Summon Small Mammal      Summ           36%        N/A       11%         1
 Summon Lightning Spire   Summ/Air       20%        N/A       11%         4
 Summon Forest            Summ/Tloc      12%        N/A       11%         5
 Fulminant Prism          Conj/Hex       9%         3d7       13%         4
 Leda's Liquefaction      Hex/Erth       9%         N/A       13%         4
 Scorch                   Fire           18%        2d6       16%         2
 Searing Ray              Conj           18%        2d5       16%         2
 Borgnjor's Vile Clutch   Necr/Erth      12%        N/A       16%         5
 Simulacrum               Ice/Necr       15%        N/A       19%         6
 Storm Form               Tmut/Air       19%        N/A       19%         7
 Hailstorm                Conj/Ice       17%        3d6       22%         4
 Summon Ice Beast         Ice/Summ       17%        N/A       22%         4
 Freezing Cloud           Conj/Ice/Air   10%        6-21      24%         5
 Call Canine Familiar     Summ           9%         N/A       30%         3
 Conjure Flame            Conj/Fire      9%         6-21      30%         3
 Stone Arrow              Conj/Erth      18%        3d8       30%         3
 Eringya's Noxious Bog    Tmut/Pois      14%        N/A       32%         6
 Statue Form              Tmut/Erth      18%        N/A       32%         6
 Summon Mana Viper        Hex/Summ       19%        N/A       36%         5
 Animate Armour           Summ/Erth      18%        N/A       71%         4
 Sticky Flame             Conj/Fire      9%         2d3       71%         4
 Disjunction              Tloc           20%        N/A       71%         8
 Enfeeble                 Hex            14%        N/A       82%         7
 Borgnjor's Revivificati  Necr           19%        N/A       88%         8
 Fireball                 Conj/Fire      4%         3d4       96%         5
 Lee's Rapid Deconstruct  Erth           4%         3d6*      96%         5
 Malign Gateway           Summ/Tloc      12%        N/A       98%         7
 Haunt                    Necr/Summ      12%        N/A       99%         7
 Starburst                Conj/Fire      4%         6d4       100%        6
 Summon Cactus Giant      Summ           4%         N/A       100%        6
 Discord                  Hex            14%        N/A       100%        8
 Ignition                 Fire           4%         3d4       100%        8
 Lehudib's Crystal Spear  Conj/Erth      4%         10d3      100%        8
 Summon Horrible Things   Summ           4%         N/A       100%        8
 Chain Lightning          Conj/Air       10%        3d13      100%        9
 Death's Door             Necr           19%        N/A       100%        9
 Dragon's Call            Summ           4%         N/A       100%        9
 Fire Storm               Conj/Fire      4%         8d1       100%        9
 Polar Vortex             Ice            12%        N/A       100%        9
 Shatter                  Erth           4%         3d8*      100%        9


Dungeon Overview and Level Annotations

Branches:
Dungeon (15/15)            Temple (1/1) D:6            Lair (5/5) D:10
  Swamp (4/4) Lair:2       Spider (4/4) Lair:3        Slime (5/5) Lair:5
    Orc (2/2) D:10            Elf (3/3) Orc:2        Vaults (5/5) D:13
  Crypt (3/3) Vaults:3       Tomb (1/3) Crypt:3      Depths (4/4) D:15
    Zot (5/5) Depths:4     Bailey (visited)           IceCv (visited)

Altars:
Dithmenos
Elyvilon
Gozag
Hepliaklqana
Kikubaaqudgha
Makhleb
Nemelex Xobeh
Okawaru
Qazlal
Ru
Sif Muna
Trog
Vehumet
Xom
Yredelemnul
Zin
The Shining One
Jiyva

Shops:
D:2 ?   D:3 [   D:5 [(   Orc:1 ?   Orc:2 !(=(   Elf:2 =:=   Elf:3 :

Portals:
Hell: Depths:1 Depths:2 Depths:3 Depths:4
Abyss: Depths:1 Depths:3 Depths:4
Pandemonium: Depths:2
Ziggurat: Depths:3
Trove: Vaults:3 (give 4 potions of resistance)

Annotations:
Slime:2 exclusions: upstairs and 8 more exclusions
Zot:1 1 transporter
Zot:4 1 runed translucent door, Netemen's ghost, master GnFi


Innate Abilities, Weirdness & Mutations

Your life essence is reduced to manifest your ancestor. (-10% HP)
You are very small and have problems with some larger weapons.
You are too small for most types of armour.
You have supernaturally acute eyesight. (SInv)
You cover ground extremely quickly. (Speed+++)
You are dopey. (Int -2)
You are resistant to electric shocks. (rElec)


Message History

The ufetubus blinks!
Your butterfly blinks!
Your rust devil blinks!
The ynoxinul blinks!
The smoke demon blinks!
The Ice Fiend blinks!
Your demonspawn corrupter blinks!
Your butterfly blinks!
The smoke demon blinks!
The hellwing blinks!
Your rust devil blinks!
The ufetubus blinks!
Your demonspawn corrupter blinks!
The ufetubus blinks!
Your butterfly blinks! x2
The smoke demon blinks!
Your rust devil blinks!
Your butterfly blinks!
Your shadow demon blinks!
Your soul eater blinks!
Your butterfly blinks!
The ynoxinul blinks!
The smoke demon blinks!
The sixfirhy blinks!
The red devil blinks!
The Executioner blinks!
The hellwing blinks!
You blink.
A neqoxec comes into view.
Found 22 gold pieces.
The ufetubus blinks!
Unknown command.
Unknown command.
Unknown command.
You fade into invisibility!
Your demonspawn corrupter hits the Ice Fiend with a +0 dire flail!
Your demonspawn corrupter kicks the Ice Fiend!
You hear a grinding noise.
Unknown command.
You are confused.
You feel invigorated.
The tormentor calls on the powers of darkness!
Your body is wracked with pain!
* * * LOW HITPOINT WARNING * * *
Unknown command.
Unknown command.
You feel better.
You feel less invigorated.
Nanatchi barely misses the red devil.
Nanatchi hits the hellwing with a +0 broad axe of speed!!
Your demonspawn corrupter calls down the wrath of Lugonu upon the red devil.
The entropic weave corrodes the red devil!
The hellwing hits Nanatchi.
Nanatchi blocks the hellwing's attack.
The reaper hits you from afar with a +5 scythe of protection!!!
You die...

..$. .#.. #. .... ...
#....##4#.#.# ...
..4.....#[#3# .3
..§....42.∩.###.#
....6§......[#.#
#...§.§.......#
#...§§...§..@.#
#.....2§....5.#
#.bb§.....^4.2#
#...§§.§31.R...
#.§..6^).°4.$...
#####5.§.§.5.).§.....
......b...§6).........
.......[5..§§....3.....
.....#....2....§...


You could see the friendly Nanatchi the knight (fast, reflecting), a demonspawn
warmonger (agile, unable to see you), an Ice Fiend, a reaper (strong,
resistant), a hellwing (unable to see you, ally target), a smoke demon (unable
to see you), a tormentor (unable to see you), a neqoxec (unable to see you), a
ynoxinul (unable to see you), a red devil (inner flame, agile, unable to see
you, corroded, ally target), 2 ufetubi, a friendly demonspawn corrupter
(summoned), a friendly soul eater (summoned), a friendly shadow demon (summoned)
and a friendly rust devil (summoned).

Vanquished Creatures
  the Royal Jelly (Slime:5)
  Dissolution (Slime:3)
  Khufu (Crypt:2)
  An ancient lich (Abyss:3)
  A dread lich (Crypt:3)
  4 royal mummies
  Vv (Zot:3)
  3 Killer Klowns
  the Lernaean hydra (Swamp:4)
  2 curse toes
  10 golden dragons
  Nikola (Spider:2)
  A profane servitor (Abyss:5)
  A pearl dragon (Depths:4)
  8 bone dragons
  An electric golem (Zot:1)
  A hellephant (Abyss:1)
  Rupert (Lair:3)
  Mlioglotl (Spider:1)
  14 liches
  15 tentacled monstrosities
  3 deep elf blademasters
  2 deep elf master archers (Elf:3)
  3 titans (Vaults:5)
  2 quicksilver dragons
  8 death cobs
  22 acid blobs
  An ancient champion (Crypt:1)
  25 tentacled starspawn
  8 sphinxes
  An Executioner (Pan)
  10 storm dragons
  6 shadow dragons
  Gastronok (D:11)
  A fenstrider witch (Swamp:2)
  3 tengu reavers
  9 draconian monks
  14 azure jellies
  5 draconian knights
  3 revenants
  Louise (D:15)
  18 rockslimes
  6 deep elf sorcerers
  6 draconian scorchers
  2 iron dragons
  5 frost giants
  2 orc warlords (Vaults:2)
  7 emperor scorpions
  7 fire giants
  4 ghost moths
  3 draconian shifters
  15 vault wardens
  A curse skull (Crypt:3)
  Aizul (Depths:2)
  2 deep elf elementalists (Elf:3)
  16 ironbound preservers
  2 balrugs
  8 ghouls (Crypt:2)
  A juggernaut skeleton (Abyss:1)
  3 spriggan defenders
  28 very ugly things
  2 reapers
  5 draconian stormcallers
  16 quicksilver oozes
  5 draconian annihilators
  5 ironbound thunderhulks
  A starflower (Abyss:6)
  A demonspawn corrupter (Pan)
  4 war gargoyles
  14 stone giants
  12 deep elf demonologists
  11 black draconians
  4 vampire knights
  10 purple draconians
  14 yellow draconians
  11 deep elf annihilators
  4 entropy weavers
  4 lorocyprocas
  12 green draconians
  14 white draconians
  A dire elephant (Vaults:2)
  4 eleionomae
  Azrael (Elf:1)
  6 deep elf death magi
  14 red draconians
  5 bunyips
  7 spark wasps
  9 ettins
  The ghost of Persimmon the Eclecticist, a journeyman DECj of Vehumet (Lair:3)
  5 eidola
  9 mummy priests
  8 jiangshi
  Josephine (D:15)
  A green death (Abyss:3)
  12 yaktaur captains
  2 blizzard demons
  5 fire dragons
  6 deep elf high priests
  2 shambling mangroves
  Fannar (D:12)
  18 hydras
  5 rakshasas
  Erolcha (Orc:2)
  3 boulder beetles
  23 vault guards
  12 great orbs of eyes
  2 caustic shrike simulacra (IceCv)
  A fenstrider witch zombie (Crypt:1)
  A quicksilver dragon skeleton (Crypt:3)
  2 hell beasts (Depths:1)
  A spriggan skeleton (Abyss:3)
  3 ghost crabs
  A catoblepas (Lair:5)
  A fenstrider witch skeleton (Crypt:2)
  8 ice dragons
  2 peacekeepers
  9 ironbound frosthearts
  2 radroaches
  2 ogre magi
  A two-headed ogre (D:10)
  2 jorogumos
  2 spriggan air magi
  8 alligators
  17 centaur warriors
  4 deep troll shamans
  4 tengu warriors
  11 death scarabs
  A death knight (D:15)
  3 deep troll earth magi
  4 spriggan berserkers
  27 dancing weapons
  2 orc high priests (Depths:1)
  5 death yaks
  8 vampire magi
  30 thrashing horrors
  4 hell hogs
  13 spriggans
  10 sun demons
  Nergalle (Orc:2)
  A titan zombie (Tomb:1)
  Sonja (Orc:1)
  A soul eater (Crypt:1)
  4 shadow wraiths
  19 deep elf knights
  13 hell knights
  3 sixfirhies
  22 wretched stars
  An iron troll (Depths:2)
  2 spatial maelstroms (Abyss:6)
  4 sun moths
  3 goliath frogs
  7 skeletal warriors
  A bunyip zombie (Crypt:1)
  46 deep trolls
  2 shadow demons (Depths:1)
  2 anaconda zombies (Crypt:3)
  7 pharaoh ants
  5 spriggan druids
  12 orb spiders
  3 glowing orange brains
  8 lindwurms
  9 wizards
  6 deep elf archers
  A spriggan simulacrum (IceCv)
  15 flayed ghosts
  13 ironbound convokers
  52 starcursed masses
  2 bog bodies (Swamp:1)
  4 steelbarb worms
  9 swamp dragons
  15 phantasmal warriors
  An anaconda skeleton (Crypt:3)
  3 harpies (Vaults:2)
  An obsidian statue (IceCv)
  4 orc knights
  6 necromancers
  16 deep elf zephyrmancers
  7 will-o-the-wisps
  An eleionoma zombie (Crypt:1)
  A tengu skeleton (Depths:1)
  A jorogumo zombie (Crypt:1)
  7 shining eyes
  50 ugly things
  An oklob plant (Lair:5)
  A worldbinder (Abyss:2)
  4 manticores
  9 orc sorcerers
  16 wolf spiders
  7 cyclopes
  22 deep elf pyromancers
  3 elephants (Lair:5)
  56 large abominations
  2 draconians (Abyss:3)
  19 moths of wrath
  An iron dragon skeleton (Crypt:2)
  Joseph (D:7)
  4 apocalypse crabs
  2 stone giant skeletons
  A black mamba (Lair:5)
  6 fire giant skeletons (Crypt:3)
  Maurice (D:11)
  13 vault sentinels
  12 smoke demons
  A storm dragon simulacrum (Depths:1)
  An eye of devastation (Abyss:6)
  2 dire elephant skeletons
  An orange demon (Abyss:3)
  A naga zombie (Abyss:3)
  An unseen horror (D:12)
  8 gargoyles
  9 cane toads
  3 hellions
  A rime drake (Lair:5)
  2 centaur skeletons (D:14)
  4 demonic crawlers
  A redback zombie (Crypt:2)
  2 golden dragon simulacra (IceCv)
  3 tormentors
  An efreet (Abyss:3)
  An elf zombie (Vaults:1)
  2 tengu conjurers
  17 freezing wraiths
  A komodo dragon (shapeshifter) (Elf:2)
  5 kobold demonologists
  An anaconda simulacrum (IceCv)
  5 komodo dragons
  4 guardian mummies (Tomb:1)
  34 yaktaurs
  16 ancient zymes
  6 polar bears
  3 hellwings
  An ice devil (Lair:2)
  2 harpy zombies
  A queen bee (Spider:2)
  A human skeleton (Vaults:1)
  6 meliai
  5 tyrant leeches
  2 bloated husks
  4 trolls
  13 hornets
  2 harpy skeletons (Crypt:3)
  25 tarantellas
  19 blink frogs
  91 slime creatures
  8 dream sheep
  37 raiju
  A dream sheep (shapeshifter) (D:15)
  27 jumping spiders
  A fire giant simulacrum (Vaults:1)
  4 flying skulls
  8 ynoxinuls
  13 culicivoras
  3 air elementals
  A centaur simulacrum (D:15)
  16 wraiths
  7 shadows
  A black mamba zombie (Crypt:1)
  A wyvern (D:6)
  9 fire dragon skeletons (Crypt:3)
  A naga simulacrum (Abyss:3)
  A basilisk (Lair:4)
  2 ushabtiu (Tomb:1)
  4 fire elementals
  2 water elementals
  3 vampires
  4 dire elephant simulacra (IceCv)
  A basilisk (shapeshifter) (Abyss:3)
  3 fire bats (Abyss:2)
  30 yaks
  A wind drake skeleton (Crypt:1)
  38 redbacks
  A golden eye (shapeshifter) (Abyss:5)
  32 small abominations
  10 vampire mosquitoes
  A minotaur simulacrum (IceCv)
  3 steam dragons
  Grum (Lair:1)
  10 neqoxecs
  A two-headed ogre zombie (Crypt:2)
  6 chaos spawn
  3 wargs
  7 spatial vortices
  An acid dragon (D:14)
  A merfolk zombie (Crypt:2)
  4 harpy simulacra (IceCv)
  22 swamp worms
  4 hell hounds
  A hydra simulacrum (IceCv)
  A naga skeleton (Crypt:3)
  10 water moccasins
  3 swamp drakes (Swamp:4)
  A demonspawn skeleton (Crypt:1)
  3 sky beasts
  11 ice beasts
  4 alligator simulacra (IceCv)
  An ettin simulacrum (IceCv)
  24 orc warriors
  2 black bears
  10 wolves
  9 ogres
  3 boggarts
  A rime drake zombie (Crypt:1)
  A manticore skeleton (Crypt:1)
  A phantom (D:6)
  10 centaurs
  5 kobold brigands
  3 deep troll simulacra (IceCv)
  2 gnoll sergeants
  12 bullfrogs
  3 earth elementals
  6 necrophages
  2 scorpions
  7 wights
  24 killer bees
  4 lindwurm simulacra (IceCv)
  10 electric eels
  A crimson imp (Abyss:3)
  6 quasits
  13 orc priests
  3 hounds
  5 iron imps
  A basilisk skeleton (Crypt:2)
  4 iguanas
  28 orc wizards
  A deep dwarf skeleton (Crypt:1)
  15 mummies
  23 gnolls
  5 adders
  A shadow imp (D:6)
  7 white imps
  4 ufetubi
  A worm (D:4)
  8 dart slugs
  63 orcs
  8 bats
  5 endoplasms
  4 giant cockroaches
  15 goblins
  14 hobgoblins
  2 quokkas (D:4)
  3 ball pythons
  2 frilled lizards
  17 kobolds
  An orc zombie (Crypt:2)
  6 rats
  4 lurking horrors (Abyss:6)
  15 starspawn tentacles
2511 creatures vanquished.

Vanquished Creatures (collateral kills)
  An ancient lich (Abyss:3)
  An orb of fire (Zot:2)
  Margery (Vaults:3)
  the Enchantress (Depths:2)
  Zenata (Vaults:3)
  4 tentacled monstrosities
  A hellephant (Abyss:6)
  2 liches
  Asterion (Vaults:3)
  4 acid blobs
  A death cob (Zot:4)
  8 tentacled starspawn
  2 sphinxes
  A revenant (Tomb:1)
  3 shadow dragons
  2 storm dragons
  5 draconian monks
  Donald (Swamp:1)
  A fenstrider witch (Swamp:4)
  6 azure jellies
  A fire giant (Depths:3)
  A draconian knight (Zot:1)
  2 frost giants
  2 deep elf sorcerers
  A balrug (Abyss:5)
  An iron dragon (Vaults:5)
  An emperor scorpion (Lair:3)
  An angel (Abyss:5)
  A draconian scorcher (Zot:1)
  A draconian stormcaller (Abyss:6)
  A cacodemon (Abyss:6)
  A vault warden (Vaults:5)
  A deep elf elementalist (Elf:3)
  2 curse skulls (Crypt:1)
  3 draconian shifters
  3 quicksilver oozes
  An ironbound preserver (Vaults:2)
  A demonspawn corrupter (Pan)
  A spriggan defender (Depths:3)
  A stone giant (Depths:3)
  2 war gargoyles
  4 very ugly things
  A demonspawn blood saint (Pan)
  A broodmother (Spider:4)
  3 draconian annihilators
  3 eleionomae
  A green draconian (Zot:3)
  2 ironbound thunderhulks (Vaults:1)
  3 yellow draconians
  2 purple draconians (Zot:4)
  3 red draconians
  A bunyip (Swamp:3)
  3 white draconians
  3 black draconians
  A spark wasp (Depths:3)
  4 mummy priests
  A green death (Abyss:6)
  3 jiangshi
  A deep elf high priest (Vaults:5)
  A great orb of eyes (Vaults:2)
  2 yaktaur captains
  A spriggan zombie (Crypt:1)
  A fire dragon (shapeshifter) (Abyss:5)
  A caustic shrike simulacrum (IceCv)
  9 vault guards
  8 hydras
  A catoblepas (Lair:5)
  An ironbound frostheart (Vaults:4)
  A jorogumo (Spider:4)
  A two-headed ogre (D:12)
  2 spriggan air magi
  Erica (Lair:1)
  2 centaur warriors
  2 alligators
  A death scarab (Tomb:1)
  2 death yaks (Lair:5)
  A spriggan skeleton (Crypt:3)
  3 dancing weapons
  A spriggan berserker (Depths:2)
  3 vampire magi
  3 hell knights
  21 thrashing horrors
  The ghost of TowerOfEmptiness the Cleaver, a novice MiFi (D:7)
  2 sun demons (Depths:1)
  A deep elf knight (Elf:3)
  8 wretched stars
  A spatial maelstrom (Abyss:6)
  2 skeletal warriors (D:15)
  A flayed ghost (Crypt:2)
  A glowing orange brain (Abyss:5)
  An orb spider (Spider:4)
  A spriggan druid (Swamp:2)
  8 deep trolls
  A spriggan simulacrum (Crypt:1)
  A deep elf archer (Elf:2)
  A lindwurm (Vaults:1)
  2 harpies (Vaults:2)
  A necromancer (Vaults:3)
  An orc knight (Vaults:2)
  2 swamp dragons
  3 deep elf pyromancers (Elf:3)
  An ironbound convoker (Vaults:3)
  2 phantasmal warriors (Crypt:3)
  A wolf spider zombie (D:14)
  2 draconians (Abyss:3)
  4 wolf spiders
  6 deep elf zephyrmancers
  2 orc sorcerers
  7 ugly things
  2 worldbinders
  A shining eye (Slime:5)
  A manticore (D:15)
  A will-o-the-wisp (Swamp:4)
  A fire giant skeleton (Crypt:3)
  An ice statue (Lair:2)
  A moth of wrath (Zot:1)
  2 vault sentinels
  5 apocalypse crabs
  A guardian serpent (Abyss:3)
  An iron dragon skeleton (Depths:1)
  An elephant (Lair:5)
  2 black mambas
  2 torpor snails (Spider:4)
  A cane toad (Lair:5)
  A centaur skeleton (D:14)
  An eye of devastation (Slime:2)
  2 kobold demonologists
  A komodo dragon (Lair:5)
  A demonic crawler (Abyss:6)
  3 freezing wraiths (IceCv)
  A tormentor (Abyss:3)
  An ice devil (IceCv)
  2 rime drakes (Lair:3)
  A tengu conjurer (D:15)
  3 yaktaurs
  4 ancient zymes (Abyss:6)
  2 efreet
  A golden dragon simulacrum (IceCv)
  2 trolls
  3 hornets
  A tyrant leech (Swamp:2)
  A meliai (Spider:4)
  17 slime creatures
  4 tarantellas
  4 blink frogs
  A dream sheep (Lair:5)
  9 raiju
  2 flying skulls
  A centaur simulacrum (D:14)
  2 ushabtiu (Tomb:1)
  12 yaks
  2 water elementals (Elf:1)
  5 large abominations (Abyss:6)
  7 spriggans
  A wyvern (Lair:3)
  2 vampires (Crypt:3)
  3 culicivoras
  2 wraiths
  4 ynoxinuls
  A basilisk (Lair:3)
  An ettin skeleton (Crypt:3)
  A golden eye (Abyss:6)
  A fire elemental (Elf:1)
  A spatial vortex (Abyss:6)
  16 redbacks
  3 vampire mosquitoes
  A neqoxec (Abyss:6)
  A warg (Orc:1)
  A hell hound (Abyss:6)
  2 swamp drakes
  4 orc warriors
  2 alligator simulacra (IceCv)
  A sky beast (D:8)
  3 small abominations
  An ogre (Orc:2)
  A centaur (D:15)
  5 wolves
  2 bullfrogs
  A necrophage (Crypt:2)
  A scorpion (D:10)
  2 wights
  7 killer bees (Spider:2)
  8 starcursed masses
  An orc priest (D:13)
  7 orc wizards
  A boggart simulacrum (D:15)
  19 orcs
  A goblin (Bailey)
  4 kobolds
  A butterfly (Lair:2)
  5 starspawn tentacles
487 creatures vanquished.

Vanquished Creatures (others)
  3 stone giants
  A yaktaur captain (Vaults:5)
  An orc knight (Elf:1)
  An ancient zyme (Abyss:3)
  A ynoxinul (Abyss:1)
  2 redbacks (Spider:2)
  An orc warrior (Vaults:5)
  50 knights
  A small abomination (Abyss:3)
  7 ancestors
  A kobold (D:13)
  19 foxfires
  13 fungi
  32 plants
  40 starspawn tentacles
  A withered plant (Crypt:3)
174 creatures vanquished.

Grand Total: 3172 creatures vanquished

Notes
Turn   | Place    | Note
-------+----------+-------------------------------------------
     0 | D:1      | gromov111999 the Spriggan Hunter began the quest for the
                  | Orb.
     0 | D:1      | Reached XP level 1. HP: 10/10 MP: 2/2
    60 | D:1      | Found a faded altar of an unknown god.
   145 | D:1      | Reached XP level 2. HP: 15/15 MP: 3/3
   596 | D:2      | Reached XP level 3. HP: 18/18 MP: 4/4
   632 | D:2      | Found Narcheogh's Magic Scroll Shoppe.
   648 | D:2      | Bought a scroll of identify for 22 gold pieces
   756 | D:2      | Reached XP level 4. HP: 22/23 MP: 5/5
   757 | D:2      | Reached skill level 5 in Ranged Weapons
  1025 | D:3      | Found a white marble altar of Elyvilon.
  1127 | D:3      | Found Vuicre's Armour Emporium.
  1209 | D:3      | Found an opulent altar of Gozag.
  1807 | D:4      | Found a shadowy altar of Dithmenos.
  1812 | D:4      | Noticed a gnoll sergeant
  1816 | D:4      | Reached XP level 5. HP: 10/27 MP: 6/6
  2205 | D:3      | Reached skill level 6 in Ranged Weapons
  2205 | D:3      | Reached XP level 6. HP: 32/32 MP: 7/7
  2377 | D:4      | Reached skill level 5 in Dodging
  2774 | D:5      | Entered Level 5 of the Dungeon
  2948 | D:5      | Reached XP level 7. HP: 36/36 MP: 8/8
  3217 | D:5      | Reached skill level 7 in Ranged Weapons
  3233 | D:5      | Found Vong's Antique Armour Boutique.
  3241 | D:5      | Bought a glowing cloak for 150 gold pieces
  3341 | D:5      | Found Xamnatrun's Antique Weapon Boutique.
  3904 | D:6      | Reached XP level 8. HP: 42/42 MP: 9/9
  4084 | D:6      | Found a bloodstained altar of Trog.
  4090 | D:6      | Found a staircase to the Ecumenical Temple.
  4106 | Temple   | Entered the Ecumenical Temple
  4115 | Temple   | Became a worshipper of Hepliaklqana the Forgotten
  4362 | D:6      | Reached skill level 8 in Ranged Weapons
  4611 | D:7      | Found a transporter.
  4917 | D:7      | Noticed Joseph
  5139 | D:7      | Reached skill level 9 in Ranged Weapons
  5163 | D:7      | Noticed TowerOfEmptiness's ghost (novice MiFi)
  5187 | D:7      | Found a transporter.
  5276 | D:7      | Reached skill level 5 in Fighting
  5311 | D:7      | Reached XP level 9. HP: 47/47 MP: 10/10
  5442 | D:7      | Killed Joseph
  5499 | D:7      | Found an iron altar of Okawaru.
  5631 | D:8      | Found a flagged portal.
  5637 | Bailey   | Entered a bailey
  5767 | Bailey   | Reached skill level 10 in Ranged Weapons
  5923 | Bailey   | Noticed an orc knight
  5942 | Bailey   | an orc knight changed into a tarantella
  6129 | Bailey   | Reached * piety under Hepliaklqana
  6517 | Bailey   | Found an iron altar of Okawaru.
  6519 | Bailey   | Noticed a kobold demonologist
  6519 | Bailey   | Noticed a kobold demonologist
  6537 | Bailey   | Killed a kobold demonologist
  6553 | D:8      | Acquired a +2 arbalest of flaming
  6605 | D:8      | Reached skill level 11 in Ranged Weapons
  6605 | D:8      | Reached XP level 10. HP: 47/47 MP: 11/11
  6620 | D:8      | Reached skill level 10 in Dodging
  7025 | D:8      | Found a burning altar of Makhleb.
  7027 | D:8      | Noticed a green death
  7031 | D:8      | Noticed a smoke demon
  7327 | D:9      | Reached ** piety under Hepliaklqana
  7554 | D:9      | Reached skill level 12 in Ranged Weapons
  7588 | D:9      | Found a sacrificial altar of Ru.
  7589 | D:9      | Found an ancient bone altar of Kikubaaqudgha.
  8065 | D:10     | Entered Level 10 of the Dungeon
  8130 | D:10     | Noticed an orange demon
  8256 | D:10     | Reached XP level 11. HP: 52/52 MP: 12/12
  8299 | D:10     | Noticed a two-headed ogre
  8309 | D:10     | Killed a two-headed ogre
  8464 | D:10     | Reached skill level 13 in Ranged Weapons
  8480 | D:10     | Reached *** piety under Hepliaklqana
  8491 | D:10     | Found a staircase to the Orcish Mines.
  8550 | D:10     | Found a sparkling altar of Nemelex Xobeh.
  8597 | D:10     | Found a staircase to the Lair.
  8791 | Lair:1   | Entered Level 1 of the Lair of Beasts
  8914 | Lair:1   | Remembered your ancestor Nanatchi as a knight
  9268 | Lair:1   | Noticed Grum
  9272 | Lair:1   | Killed Grum
  9555 | Lair:1   | Noticed Erica
  9558 | Lair:1   | Killed Erica
  9559 | Lair:1   | Reached skill level 14 in Ranged Weapons
  9653 | Lair:2   | Found a staircase to the Swamp.
  9851 | Lair:2   | Reached XP level 12. HP: 48/58 MP: 13/13
  9911 | Lair:2   | Identified the ring "Jumag" {Will+ Str+5 Stlth+}
  9945 | Lair:2   | Reached **** piety under Hepliaklqana
 10528 | Lair:3   | Reached skill level 15 in Ranged Weapons
 10573 | Lair:3   | Found a hole to the Spider Nest.
 10745 | Lair:3   | Found a runed translucent door.
 10746 | Lair:3   | Noticed Persimmon's ghost (journeyman DECj)
 10769 | Lair:3   | Noticed a seven-headed hydra
 10778 | Lair:3   | Killed a seven-headed hydra
 11276 | Lair:4   | Noticed a death yak
 11278 | Lair:4   | Noticed a death yak
 11453 | Lair:4   | Noticed a death yak
 11464 | Lair:4   | Killed a death yak
 11479 | Lair:3   | Killed a death yak
 11546 | Lair:3   | Killed a death yak
 11771 | Lair:4   | Noticed a seven-headed hydra
 11775 | Lair:4   | Killed a seven-headed hydra
 11776 | Lair:4   | Reached skill level 16 in Ranged Weapons
 11776 | Lair:4   | Reached XP level 13. HP: 63/63 MP: 14/14
 12069 | Lair:5   | Entered Level 5 of the Lair of Beasts
 12102 | Lair:5   | Reached ***** piety under Hepliaklqana
 12313 | Lair:5   | Reached skill level 15 in Dodging
 12338 | Lair:5   | Reached skill level 10 in Fighting
 12496 | Lair:5   | Reached skill level 17 in Ranged Weapons
 12732 | Lair:5   | Found a staircase to the Slime Pits.
 12732 | Lair:5   | Found a viscous altar of Jiyva.
 12987 | Lair:5   | Identified the ring of Pyuloedgh {Fly Stlth+}
 12989 | Lair:5   | Identified the +8 mace "Naasan" {holy, *Noise *Slow rF+++
                  | Dex+10}
 12997 | Lair:5   | Identified the amulet "Yxkush" {RegenMP Will+ Int-4 Dex+4}
 13188 | Orc:1    | Entered Level 1 of the Orcish Mines
 13354 | Orc:2    | Entered Level 2 of the Orcish Mines
 13354 | Orc:2    | Found a staircase to the Elven Halls.
 13469 | Orc:2    | Reached skill level 1 in Spellcasting
 13602 | Orc:1    | Noticed Sonja
 13610 | Orc:1    | Killed Sonja
 13638 | Orc:1    | Found Tuskan Fiaff's Magic Scroll Boutique.
 13746 | Orc:2    | Found a gateway to a bazaar.
 13763 | Bazaar   | Entered a bazaar
 13770 | Bazaar   | Found Gigac's Antique Weapon Shoppe.
 13784 | Bazaar   | Found Yniwnapp's Antique Weapon Emporium.
 13799 | Bazaar   | Found Reasuqin's Antique Armour Emporium.
 13811 | Bazaar   | Found Loringin's Antique Armour Shoppe.
 13842 | Bazaar   | Bought an encrusted sling for 156 gold pieces
 13842 | Bazaar   | Identified the +3 sling of the Grey Skies {vorpal, Str+3
                  | Int+2 Dex-5} (You bought it in a shop in a bazaar)
 13866 | Bazaar   | Bought a runed robe for 99 gold pieces
 13866 | Bazaar   | Bought the +0 mask of the Dragon {Will+ Slay+3 SInv} for
                  | 901 gold pieces
 13866 | Bazaar   | Found the +0 mask of the Dragon {Will+ Slay+3 SInv}
 14316 | Orc:2    | Found a radiant altar of Vehumet.
 14316 | Orc:2    | Noticed Erolcha
 14319 | Orc:2    | Reached XP level 14. HP: 69/69 MP: 18/18
 14330 | Orc:2    | Killed Erolcha
 14396 | Orc:2    | Found Weixux's Jewellery Shoppe.
 14397 | Orc:2    | Noticed Nergalle
 14401 | Orc:2    | Killed Nergalle
 14431 | Orc:2    | Found an ancient bone altar of Kikubaaqudgha.
 14457 | Orc:2    | Found Xumaq's Antique Weapon Shoppe.
 14476 | Orc:2    | Found Beck's Distillery.
 14513 | Orc:2    | Found Zicsipte's Antique Weapon Emporium.
 15176 | D:11     | Reached skill level 18 in Ranged Weapons
 15214 | D:11     | Noticed Maurice
 15221 | D:11     | Killed Maurice
 15428 | D:11     | Noticed Gastronok
 15439 | D:11     | Killed Gastronok
 15618 | D:12     | Reached skill level 5 in Spellcasting
 15914 | D:12     | Noticed Fannar
 15925 | D:12     | Killed Fannar
 16292 | D:13     | You fall into a shaft and drop 1 floor!
 16437 | D:13     | Reached ****** piety under Hepliaklqana
 17005 | D:13     | Found a gate to the Vaults.
 17370 | D:14     | Acquired a +3 hand crossbow of freezing
 17418 | D:14     | Found an iron altar of Okawaru.
 17439 | D:14     | Reached skill level 19 in Ranged Weapons
 17526 | D:14     | Reached skill level 1 in Translocations
 17805 | D:14     | Reached XP level 15. HP: 75/75 MP: 26/26
 18002 | D:14     | Identified the +0 short sword "Huigun" {vamp, Dex+7}
 18263 | D:15     | Entered Level 15 of the Dungeon
 18291 | D:15     | Learned a level 2 spell: Blink
 18496 | D:15     | Noticed Josephine
 18506 | D:15     | Killed Josephine
 18762 | D:15     | Reached skill level 5 in Translocations
 18817 | D:15     | Found a staircase to the Depths.
 19093 | D:15     | Noticed Louise
 19120 | D:15     | Killed Louise
 19307 | D:15     | Reached skill level 1 in Evocations
 19309 | D:15     | Reached skill level 1 in Invocations
 19312 | D:15     | Reached skill level 20 in Ranged Weapons
 20200 | Spider:1 | Entered Level 1 of the Spider Nest
 20200 | Spider:1 | Noticed Rupert
 20277 | Lair:3   | Killed Rupert
 20470 | Spider:1 | Noticed an emperor scorpion
 20471 | Spider:1 | Noticed an emperor scorpion
 20792 | Lair:3   | Killed an emperor scorpion
 20911 | Lair:3   | Killed an emperor scorpion
 20964 | Spider:1 | Noticed an emperor scorpion
 20969 | Spider:1 | Killed an emperor scorpion
 21004 | Spider:1 | Noticed an emperor scorpion
 21011 | Spider:1 | Noticed an emperor scorpion
 21073 | Lair:3   | Killed an emperor scorpion
 21115 | Lair:3   | Killed an emperor scorpion
 21452 | Spider:2 | Noticed Mlioglotl
 21475 | Spider:1 | Killed Mlioglotl
 21476 | Spider:1 | Reached XP level 16. HP: 76/81 MP: 24/27
 21543 | Spider:2 | Reached skill level 5 in Evocations
 22039 | Spider:2 | Identified the +1 pair of gloves of the Solstice {rN+
                  | Dex+2}
 22039 | Spider:2 | Noticed Nikola
 22054 | Spider:2 | Killed Nikola
 22529 | Spider:3 | Reached skill level 5 in Invocations
 22545 | Spider:3 | Reached skill level 21 in Ranged Weapons
 22602 | Spider:3 | Found a frozen archway.
 22623 | IceCv    | Entered an ice cave
 22814 | IceCv    | Identified the +0 pair of boots of the Hidden Vale {Int+4}
 22832 | IceCv    | Found an ancient bone altar of Kikubaaqudgha.
 22938 | IceCv    | Noticed a lich
 22947 | IceCv    | Killed a lich
 23822 | Spider:4 | Entered Level 4 of the Spider Nest
 23862 | Spider:4 | Reached XP level 17. HP: 83/85 MP: 28/28
 24023 | Spider:4 | Acquired a +5 arbalest of flaming
 24183 | Spider:4 | Reached skill level 22 in Ranged Weapons
 25135 | Spider:4 | Got a gossamer rune of Zot
 25522 | Vaults:1 | Entered Level 1 of the Vaults
 25896 | Vaults:1 | Identified the +5 arbalest of Fukacoh {elec, rF+++ rC+
                  | Str-5 Stlth-}
 25906 | Vaults:1 | Identified the +10 arbalest of Boebeovi {speed, Int+4
                  | Dex+5}
 26632 | Vaults:1 | Reached skill level 1 in Ice Magic
 26895 | Vaults:2 | Reached XP level 18. HP: 87/91 MP: 29/29
 26899 | Vaults:2 | Reached skill level 23 in Ranged Weapons
 27545 | Vaults:2 | Reached skill level 5 in Ice Magic
 28724 | Vaults:2 | Reached skill level 24 in Ranged Weapons
 28863 | Vaults:2 | Learned a level 2 spell: Ensorcelled Hibernation
 28910 | Vaults:3 | Found a portal to a secret trove of treasure.
 29024 | Vaults:3 | Reached skill level 1 in Hexes
 29036 | Vaults:3 | Reached skill level 15 in Fighting
 29092 | Vaults:3 | Reached XP level 19. HP: 97/97 MP: 30/30
 29102 | Vaults:3 | Noticed Margery
 29303 | Vaults:3 | Killed Margery
 29448 | Vaults:3 | Found a staircase to the Crypt.
 29448 | Vaults:3 | Found a basalt altar of Yredelemnul.
 29449 | Vaults:3 | Found an ancient bone altar of Kikubaaqudgha.
 29525 | Vaults:3 | Noticed Asterion
 29536 | Vaults:3 | Killed Asterion
 29800 | Vaults:3 | Noticed Zenata
 29815 | Vaults:3 | Killed Zenata
 29816 | Vaults:3 | Reached skill level 5 in Hexes
 30152 | Vaults:3 | Got the Folio of the Stinger and Air
 30241 | Vaults:4 | Got the Textbook on Warped Damage Dealing
 30417 | Vaults:4 | Reached skill level 25 in Ranged Weapons
 31223 | Vaults:4 | Identified the +2 leather armour "Quwnios" {Harm}
 31554 | Elf:1    | Entered Level 1 of the Elven Halls
 31940 | Elf:1    | Noticed Azrael
 32038 | Elf:1    | Killed Azrael
 32191 | Elf:1    | Reached XP level 20. HP: 102/102 MP: 31/31
 32428 | Elf:1    | Found a runed translucent gate.
 32428 | Elf:1    | Found a runed translucent gate.
 32428 | Elf:1    | Found a runed translucent gate.
 32428 | Elf:1    | Found a runed translucent gate.
 32428 | Elf:1    | Found a runed translucent gate.
 32430 | Elf:1    | Found a runed translucent gate.
 32933 | Elf:2    | Paralysed by an air elemental for 1 turns
 33055 | Elf:2    | Found a runed translucent gate.
 33055 | Elf:2    | Found a runed translucent gate.
 33056 | Elf:2    | Found a runed translucent gate.
 33512 | Elf:3    | Entered Level 3 of the Elven Halls
 33728 | Elf:3    | Reached skill level 26 in Ranged Weapons
 33929 | Elf:3    | Found Rihamp's Book Boutique.
 33963 | Elf:3    | Identified the +4 ring mail of the Eight Boll Weevils
                  | {rPois Str+5 Dex-3 SInv}
 34127 | Elf:3    | Reached skill level 5 in Stealth
 34696 | Elf:3    | Identified the +6 great mace of Impermanence {protect, rN+}
 34729 | Elf:3    | Learned a level 5 spell: Silence
 34856 | Elf:3    | Found the +8 orange crystal plate armour {Archmagi, Int+3
                  | Clar}
 34865 | Elf:3    | Identified the +8 great sword "Gyrchag" {drain, rF+++ rCorr
                  | Str-2 Int-5}
 34937 | Elf:3    | Got Pijitz's Almanac of the Conflagrant Gathering
 34941 | Elf:3    | Got the Secrets of the Sailor
 34953 | Elf:3    | Identified the +10 shortbow "Viugol" {vorpal, Will+ MP+9
                  | Int+4}
 34955 | Elf:3    | Identified the +1 dagger of Blind Justice {flame, +Blink
                  | rC+ Str+2}
 35439 | Swamp:1  | Entered Level 1 of the Swamp
 35480 | Swamp:1  | Reached skill level 1 in Air Magic
 35530 | Swamp:1  | Noticed Donald
 35535 | Swamp:1  | Killed Donald
 35632 | Swamp:1  | Identified the +4 trident of the Shouting Messenger {holy,
                  | rPois rF++}
 35668 | Swamp:1  | Found a glowing silver altar of Zin.
 36062 | Swamp:2  | Found a stormy altar of Qazlal.
 36089 | Swamp:2  | Identified the +0 ring mail of Apathy {rCorr}
 36159 | Swamp:2  | Reached XP level 21. HP: 108/108 MP: 32/32
 36227 | Swamp:2  | Identified the +9 short sword of Seppobue {flame, rC- Str+6
                  | Int+5}
 37102 | Swamp:4  | Entered Level 4 of the Swamp
 37467 | Swamp:4  | Reached skill level 10 in Stealth
 37550 | Swamp:4  | Reached skill level 27 in Ranged Weapons
 37733 | Swamp:4  | Noticed the 27-headed Lernaean hydra
 37743 | Swamp:4  | Killed the 26-headed Lernaean hydra
 37860 | Swamp:4  | Got a decaying rune of Zot
 38303 | Depths:1 | Entered Level 1 of the Depths
 38303 | Depths:1 | Found a gateway to Hell.
 38335 | Depths:1 | Gained mutation: You occasionally lose the ability to drink
                  | potions when taking damage. [a shining eye]
 38435 | Depths:1 | Reached skill level 5 in Air Magic
 38448 | Depths:1 | Reached skill level 10 in Hexes
 38484 | Depths:1 | Gained mutation: Your magical capacity is low. (-10% MP) [a
                  | shining eye]
 38640 | Depths:1 | Found a shimmering blue altar of Sif Muna.
 38921 | Crypt:1  | Entered Level 1 of the Crypt
 39137 | Crypt:1  | You fall into a shaft and drop 1 floor!
 39691 | Crypt:2  | Noticed Khufu
 39702 | Crypt:2  | Killed Khufu
 39837 | Crypt:2  | Reached XP level 22. HP: 115/115 MP: 32/32
 40196 | Crypt:3  | Entered Level 3 of the Crypt
 40481 | Crypt:3  | Identified the ring "Besaos" {EV+4 Str+6}
 40678 | Crypt:3  | Identified the amulet "Samool" {rN+ Regen+ Int+2}
 40678 | Crypt:3  | Identified the ring "Xuachyam" {rPois rN+ Str+2}
 41125 | Crypt:3  | Found a staircase to the Tomb.
 41201 | Crypt:3  | Got the Exposition on the Dead
 41211 | Crypt:3  | Noticed a dread lich
 41223 | Crypt:3  | Killed a dread lich
 42135 | Depths:1 | Identified the amulet "Wosypn" {RegenMP Will+ Dex+3}
 42217 | Depths:1 | Found a one-way gate to the infinite horrors of the Abyss.
 42566 | Depths:1 | Identified the +0 ring mail of Qazlal's Outrage {Stlth+}
 42927 | Depths:2 | Noticed a golden dragon
 42940 | Depths:2 | Killed a golden dragon
 43233 | Depths:2 | Identified the +6 rapier "Aseez" {vamp, Str+2}
 43255 | Depths:2 | Got the Essays on Flaming Moulding
 43470 | Depths:2 | Noticed Aizul
 43477 | Depths:2 | Killed Aizul
 43698 | Depths:2 | Found a one-way gate leading to the halls of Pandemonium.
 43884 | Depths:3 | Found a one-way gateway to a ziggurat.
 43957 | Depths:3 | Noticed the Enchantress
 44203 | Depths:2 | Killed the Enchantress
 44390 | Depths:3 | Reached XP level 23. HP: 122/122 MP: 33/33
 44551 | Depths:3 | Noticed a royal mummy
 44558 | Depths:3 | Killed a royal mummy
 44559 | Depths:3 | Reached skill level 10 in Air Magic
 44595 | Depths:3 | Noticed a royal mummy
 44605 | Depths:3 | Killed a royal mummy
 44634 | Depths:3 | Noticed a royal mummy
 44634 | Depths:3 | Found the +7 sceptre of Torment {pain, torment}
 44648 | Depths:3 | Killed a royal mummy
 45011 | Depths:4 | Entered Level 4 of the Depths
 45963 | Depths:4 | Found a gate to the Realm of Zot.
 47265 | Slime:1  | Entered Level 1 of the Pits of Slime
 47674 | Slime:3  | Noticed Dissolution
 47683 | Slime:3  | Killed Dissolution
 49183 | Slime:5  | Entered Level 5 of the Pits of Slime
 49246 | Slime:5  | Noticed the Royal Jelly
 49619 | Slime:5  | Gained mutation: You have hidden genetic defects. [a
                  | shining eye]
 49686 | Slime:5  | Killed the Royal Jelly
 49687 | Slime:5  | Reached XP level 24. HP: 67/132 MP: 33/33
 50045 | Slime:5  | Acquired 1086 gold pieces
 50067 | Slime:5  | Got a slimy rune of Zot
 50071 | Slime:5  | Identified the +0 buckler of the Pirate {rElec Str+4 Int+7
                  | Dex-4}
 50548 | Lair:1   | Lost mutation: Your magical capacity is low. (-10% MP)
                  | [potion of mutation]
 50548 | Lair:1   | Lost mutation: You have hidden genetic defects. [potion of
                  | mutation]
 50548 | Lair:1   | Gained mutation: Your body sometimes deteriorates upon
                  | taking damage. [potion of mutation]
 50549 | Lair:1   | Lost mutation: You occasionally lose the ability to drink
                  | potions when taking damage. [potion of mutation]
 50549 | Lair:1   | Lost mutation: Your body sometimes deteriorates upon taking
                  | damage. [potion of mutation]
 50549 | Lair:1   | Gained mutation: You possess an exceptional clarity of
                  | mind. [potion of mutation]
 50950 | Vaults:5 | Entered Level 5 of the Vaults
 51311 | Vaults:4 | Reached skill level 10 in Spellcasting
 51533 | Vaults:5 | Reached skill level 1 in Armour
 51609 | Vaults:5 | Identified the +7 short sword "Iblodufi" {elec, Int+3}
 51609 | Vaults:5 | Identified the +1 crystal plate armour of Ozucir {rN+
                  | Str+3}
 51789 | Vaults:5 | Identified the +6 chain mail of Exclusion {rElec rC- Dex+6}
 51852 | Vaults:5 | Reached skill level 10 in Translocations
 52138 | Vaults:5 | Identified the amulet "Zaura" {Acrobat Fly rPois rF- Dex+7}
 52191 | Vaults:5 | Identified the +2 battleaxe "Cigh" {freeze, Drain rElec
                  | Int+8 Stlth-}
 52191 | Vaults:5 | Identified the ring of Lyhehy {rC+ rN+ Int-3 SInv}
 52454 | Vaults:5 | Identified the +1 leather armour of the Volcano {*Slow
                  | rCorr Int+6}
 52561 | Vaults:5 | Reached skill level 5 in Armour
 52906 | Vaults:5 | Identified the ring "Xavet" {+Blink AC+4 Int+5}
 52957 | Vaults:5 | Got a silver rune of Zot
 53468 | Depths:3 | Voluntarily entered the Abyss.
 53771 | Abyss:1  | Found a runed translucent gate.
 53771 | Abyss:1  | Found a runed translucent gate.
 53771 | Abyss:1  | Found a runed translucent gate.
 54024 | Abyss:1  | Found a runed translucent gate.
 54024 | Abyss:1  | Found a runed translucent gate.
 54026 | Abyss:1  | Found a runed translucent gate.
 54091 | Abyss:1  | Found a runed translucent gate.
 54154 | Abyss:1  | Gained mutation: You are dopey. (Int -2) [a shining eye]
 54731 | Abyss:3  | Reached XP level 25. HP: 135/135 MP: 40/40
 54994 | Abyss:3  | Learned a level 4 spell: Passage of Golubria
 55001 | Abyss:3  | Learned a level 6 spell: Dispersal
 55204 | Abyss:3  | Found a corrupted altar of Lugonu.
 55208 | Abyss:3  | Found a corrupted altar of Lugonu.
 55208 | Abyss:3  | Found a corrupted altar of Lugonu.
 55280 | Abyss:3  | Noticed an ancient lich
 55285 | Abyss:3  | Killed an ancient lich
 55747 | Abyss:3  | Found a transporter.
 55905 | Abyss:3  | Found a transporter.
 55905 | Abyss:3  | Noticed an ancient lich
 55911 | Abyss:3  | Got an abyssal rune of Zot
 55983 | Abyss:3  | Killed an ancient lich
 55987 | Abyss:3  | Paralysed by accursed screaming for 1 turns
 56095 | Depths:3 | Escaped the Abyss
 56316 | Zot:1    | Entered Level 1 of the Realm of Zot
 56614 | Zot:1    | Reached skill level 15 in Translocations
 56776 | Zot:1    | Reached skill level 10 in Armour
 56854 | Zot:1    | Found a transporter.
 56859 | Zot:1    | Found a shimmering blue altar of Sif Muna.
 56923 | Zot:1    | Noticed an ancient lich
 57160 | Zot:2    | Reached skill level 15 in Spellcasting
 57331 | Zot:2    | Found a burning altar of Makhleb.
 57476 | Depths:4 | Voluntarily entered the Abyss.
 57628 | Abyss:5  | Reached skill level 1 in Necromancy
 57719 | Abyss:5  | Reached XP level 26. HP: 95/140 MP: 43/43
 57778 | Abyss:5  | Reached skill level 1 in Transmutations
 57815 | Depths:4 | Escaped the Abyss
 57884 | Depths:4 | Voluntarily entered the Abyss.
 57891 | Abyss:5  | Found a corrupted altar of Lugonu.
 57947 | Abyss:5  | Found a corrupted altar of Lugonu.
 58003 | Abyss:5  | Paralysed by an air elemental for 1 turns
 58115 | Abyss:5  | Reached skill level 5 in Transmutations
 58128 | Abyss:5  | Reached skill level 5 in Necromancy
 58345 | Abyss:6  | Found a corrupted altar of Lugonu.
 58465 | Depths:4 | Escaped the Abyss
 58604 | Depths:4 | Voluntarily entered the Abyss.
 59013 | Abyss:6  | Reached skill level 10 in Transmutations
 59094 | Abyss:6  | Found a corrupted altar of Lugonu.
 59102 | Depths:4 | Escaped the Abyss
 59226 | Depths:4 | Learned a level 8 spell: Necromutation
 59227 | Depths:4 | Voluntarily entered the Abyss.
 59258 | Abyss:6  | Found a shadowy altar of Dithmenos.
 59272 | Abyss:6  | Paralysed by you for 3 turns
 59366 | Abyss:6  | Found a shadowy altar of Dithmenos.
 59420 | Depths:4 | Escaped the Abyss
 59522 | Depths:4 | Voluntarily entered the Abyss.
 59522 | Abyss:6  | Found a corrupted altar of Lugonu.
 59615 | Depths:4 | Escaped the Abyss
 59683 | Depths:4 | Voluntarily entered the Abyss.
 59724 | Depths:4 | Escaped the Abyss
 59746 | Depths:4 | Reached XP level 27. HP: 53/144 MP: 45/45
 59884 | Depths:4 | Voluntarily entered the Abyss.
 59964 | Abyss:6  | Gained mutation: You are resistant to electric shocks.
                  | (rElec) [a neqoxec]
 59988 | Abyss:6  | Paralysed by accursed screaming for 1 turns
 59998 | Abyss:7  | Entered Level 7 of the Abyss
 60014 | Depths:4 | Escaped the Abyss
 60297 | Zot:2    | Reached skill level 10 in Necromancy
 60464 | Zot:2    | Noticed an orb of fire
 60475 | Zot:2    | Killed an orb of fire
 60866 | Zot:2    | Got the Papyrus of the Zealot
 61381 | Zot:3    | Reached skill level 15 in Transmutations
 61761 | Zot:3    | Noticed Vv
 61773 | Zot:3    | Killed Vv
 62921 | Zot:4    | Acquired 550 gold pieces
 63104 | Zot:4    | Found a runed translucent door.
 63282 | Zot:4    | Noticed Netemen's ghost (master GnFi)
 63309 | Zot:5    | Entered Level 5 of the Realm of Zot
 63424 | Zot:5    | Identified the +1 leather armour "Felop" {rElec rPois Int-2
                  | Dex+4}
 64735 | Slime:1  | Lost mutation: You possess an exceptional clarity of mind.
                  | [a shining eye]
 65149 | Lair:3   | Killed Persimmon's ghost
 65334 | D:7      | Killed TowerOfEmptiness's ghost
 66062 | Elf:2    | Found Gogadopa's Jewellery Shoppe.
 66065 | Elf:2    | Found Kicargh's Book Shop.
 66075 | Elf:2    | Found Tudd's Jewellery Shoppe.
 66721 | Tomb:1   | Entered Level 1 of the Tomb of the Ancients
 67335 | Tomb:1   | Noticed a royal mummy
 67345 | Tomb:1   | Killed a royal mummy
 68646 | Pan      | Entered Pandemonium
 68679 | Pan      | Annihilated by a reaper

Illustrated notes

Levels and vault maps discovered:
D:1:      minmay_arrival_three_doors, layout_basic,
          hellmonk_ecumenical_altar_crossroads
D:2:      layout_rooms, serial_shops, nicolae_shop_stone, kennysheep_nub
D:3:      layout_loops_corners, nicolae_gozag_cash_rules_everything_around_me,
          mainiacjoe_overflow_concentric_impassable, serial_shops,
          nicolae_shop_advertising_works [nicolae_subvault_shop_adworks],
          minmay_misc_feat_five, grunt_decor_junction
D:4:      layout_cave_pools, grunt_dithmenos_smoke_and_mirrors, minmay_vboxes
D:5:      layout_loops_cross, serial_shops, nicolae_shop_overgrown_old_shop,
          nicolae_diamond_shop, grunt_tough_drop
D:6:      layout_basic, trog_three_pillars_becter,
          minmay_temple_entry_gardened_gates
D:7:      layout_cave_pools, lemuel_doored_altar, gammafunk_ghost_stat_death,
          uniq_joseph
D:8:      layout_basic, makhleb_altar_promises_db, enter_bailey_3
D:9:      layout_irregular_city, nicolae_overflow_squiral, dk_rats_in_the_wall
D:10:     layout_roguey, nemelex_xobeh_ov_fountains_minmay,
          grunt_lair_entry_orc_guard_hut, david_orc_4
D:11:     layout_big_octagon, uniq_gastronok, uniq_maurice
D:12:     layout_loops_ring, uniq_fannar
D:13:     layout_irregular_city, hangedman_vaults_entry_quadrant_bands,
          serial_co_window_serial, co_window_corner_a,
          co_window_of_opportunity_a, co_window_paths_a, co_window_corner_a,
          co_window_corner_a, co_window_paths_a, co_window_paths_c,
          co_window_unsneaky_path_e, co_window_corner_b,
          co_window_unsneaky_path_d, co_window_corner_ca, glass_columns_a,
          glass_columns_a
D:14:     layout_basic, okawaru_ov_weapons_minmay, hangedman_weighted_door
D:15:     gammafunk_enter_depths_forms, layout_irregular_city,
          corexii_hall_statues_l, lightli_corner_chamber, uniq_louise,
          uniq_josephine
Temple:   dshaligram_water_room_temple
Lair:1:   layout_roguey, nicolae_lair_lil_pond, chequers_serial_rivers_room_a,
          grunt_megastairs_1, lemuel_fruit_tree, uniq_grum, uniq_erica
Lair:2:   layout_roguey, minmay_swamp_entry_worms, ice2_lemuel,
          lemuel_fruit_fields
Lair:3:   layout_roguey, spider_nest_entry_a, gammafunk_ghost_grave, pond,
          serial_bayou_shore_b
Lair:4:   layout_hall_layers, st_stairs_13
Lair:5:   grunt_lair_end_beastmaster, layout_misc_corridors, slime_entry_1,
          nicolae_quartered_pool_impasse, amcnicky_mini_pool_medium
Swamp:1:  layout_basic_swamp, basic_altar, uniq_donald
Swamp:2:  layout_basic_swamp, nicolae_swamp_tree_designs, swamp_pool1,
          lemuel_altar_in_water
Swamp:3:  nicolae_swamp_wrong_neighborhood, layout_basic_swamp,
          hangedman_swamp_ruin_hall, swamp_pool5
Swamp:4:  swamp_old_school, layout_basic_swamp
Spider:1: layout_spider_delve, nicolae_spider_scorpion_nest, uniq_rupert
Spider:2: layout_spider_delve, nicolae_looking_at_the_future, uniq_mlioglotl,
          uniq_nikola
Spider:3: layout_spider_delve, portal_ice_cave_entry_ugly_swarm,
          nicolae_spider_cling_halls
Spider:4: grunt_spider_rune_island
Slime:1:  layout_caves
Slime:2:  layout_caves, cheibrodos_slime_lost_civilization_5
Slime:3:  layout_caves, dissolution_awaits
Slime:4:  layout_caves, nicolae_slime_phagocytosis
Slime:5
Orc:1:    layout_caves, serial_shops, nicolae_shop_statue_plus, uniq_sonja
Orc:2:    kennysheep_orc_mage_school, layout_caves, serial_shops,
          bzr_in_the_mist
Elf:1:    minmay_elf_arrival_circle, layout_geoelf_octagon, orc_legates,
          st_stairs_6, roderic_roman_lattice, uniq_azrael
Elf:2:    elven_hall_of_blades_hangedman_original
          [infiniplex_blade_entry_pillars], layout_loops_corners,
          minmay_shop_grove
Elf:3:    elf_hall, layout_geoelf_castle, serial_shops, shop, minivault_28
Vaults:1: nicolae_vaults_ninety_degrees, v_pattern_5, ontoclasm_vaults_idyll,
          vaults_room_hallway, ontoclasm_vaults_spin, serial_ice_b,
          hangedman_vaults_cutoff, vaults_dpeg_ring,
          ontoclasm_vaults_loading_screen, ontoclasm_vaults_pinch,
          nicolae_vaults_yaktaur_gun_rack, vaults_dpeg_emergency_exit,
          hangedman_vaults_trim, ontoclasm_vaults_gateway, nicolae_vaults_theta,
          v_misc_25, layout_vaults_maze_bifur
Vaults:2: nicolae_vaults_triangles, v_pattern_4, v_misc_11, grunt_vaults_swirl,
          ontoclasm_vaults_decontamination, grunt_vaults_hallway_long,
          nicolae_vaults_back_hallway, vaults_dpeg_encased_lava,
          nicolae_vaults_meeting, hangedman_vaults_stagger,
          nicolae_vaults_network_square, ontoclasm_vaults_misaligned,
          layout_vaults_omnibox
Vaults:3: v_misc_32, vaults_room_stairs_pillars, vaults_dpeg_hooks,
          ontoclasm_vaults_bender, hangedman_vaults_hat, v_misc_3,
          hangedman_vaults_maws, nicolae_vaults_circle_grid_a,
          minmay_crypt_entry_necro_gods, nicolae_vaults_three_branches,
          v_misc_12, vaults_room_pool, nicolae_vaults_ring_of_whatevers,
          layout_vaults_ring, enter_trove_2, uniq_zenata, uniq_margery,
          uniq_asterion
Vaults:4: ontoclasm_vaults_ring_small, grunt_vaults_diagonal,
          grunt_vaults_hallway_long, nicolae_vaults_rhombus_6, v_misc_3,
          vaults_mumra_chevron, nicolae_vaults_mini_display_case,
          layout_vaults_omnigrid
Vaults:5: serial_shops
Crypt:1:  layout_rooms
Crypt:2:  layout_chaotic_city, uniq_khufu
Crypt:3:  quadcrypt_mu
Tomb:1
Depths:1: layout_small_grid, nrook_pool_corridor, abyss_entry_crystal,
          nicolae_hell_entry_hellmouth_sunbeams, hangedman_summoners_spam
Depths:2: minmay_strange_plus, layout_long_grid, rand_demon_pan_entry_1,
          hell_entry, serial_sigils_hangedman_leer, uniq_aizul
Depths:3: minmay_guarded_unrand_sceptre_of_torment, layout_small_grid,
          enter_ziggurat_c, abyss_entry_small_statue_room, hell_entry,
          uniq_enchantress
Depths:4: grunt_bruiser_brothers, layout_basic, hell_entry, abyss_entry,
          minmay_misc_feat_x
Zot:1:    gammafunk_sealed_library, layout_onion_interference,
          grunt_ministairs_7
Zot:2:    nicolae_zot_draconian_monastery, layout_misc_corridors
Zot:3:    layout_concentric_octagons, grunt_megastairs_3, uniq_vv
Zot:4:    layout_onion, ebering_ghost_inner_flame, grunt_ministairs_3
Zot:5:    layout_misc_corridors
Pan:      evilmike_mini_pan_T, layout_rooms, reaverb_pan_chaos_star

Skill      XL: |  1  2  3  4  5  6  7  8  9 10 11 12 13 14 15 16 17 18 19 20 21 22 23 24 25 26 27 |
---------------+----------------------------------------------------------------------------------+-----
Dodging        | 3 4 5 6 8 9 11 13 14 15 16 | 16.1
Fighting       | 2 3 4 5 6 7 8 9 10 11 12 13 14 15 16 17 19 22 | 22.0
Ranged Weapons | 5 6 7 9 11 12 14 16 17 19 20 21 22 24 25 26 27 | 27.0
Spellcasting   | 2 7 9 12 15 17 19 | 19.4
Translocations | 2 6 12 15 | 15.8
Evocations     | 4 8 |  8.0
Invocations    | 3 6 8 |  8.8
Ice Magic      | 2 7 |  7.3
Hexes          | 2 7 8 10 | 10.0
Stealth        | 8 10 | 10.0
Air Magic      | 2 6 9 11 | 11.0
Armour         | 7 10 | 10.5
Necromancy     | 3 9 14 | 14.3
Transmutations | 12 19 | 19.0

Action                   |  1- 3 |  4- 6 |  7- 9 | 10-12 | 13-15 | 16-18 | 19-21 | 22-24 | 25-27 || total
-------------------------+-------+-------+-------+-------+-------+-------+-------+-------+-------++-------
Melee: Short sword       |       |       |    41 |       |       |       |       |    20 |     4 ||    65
       Sling             |       |       |     1 |       |       |       |       |       |       ||     1
 Fire: Shortbow          |    68 |   221 |   220 |       |       |       |       |       |       ||   509
       Sling             |       |       |   207 |       |       |       |       |       |       ||   207
       Arbalest          |       |       |     6 |   491 |   745 |   973 |  1386 |  1798 |  2137 ||  7536
       Hand crossbow     |       |       |       |       |   229 |   220 |       |       |       ||   449
 Cast: Blink             |       |       |       |       |     1 |       |       |     4 |     4 ||     9
       Ensorcelled Hiber |       |       |       |       |       |     1 |     1 |       |       ||     2
       Silence           |       |       |       |       |       |       |       |    26 |     8 ||    34
       Dispersal         |       |       |       |       |       |       |       |       |    16 ||    16
Invok: Ancestor Life: Kn |       |       |       |     1 |       |       |       |       |       ||     1
       Ancestor Identity |       |       |       |     1 |       |       |       |       |       ||     1
       Recall Ancestor   |       |       |       |     1 |    15 |     4 |     6 |    16 |    31 ||    73
Evoke: Wand              |       |       |     1 |       |     3 |     4 |     2 |    10 |       ||    20
       Condenser vane    |       |       |       |       |     1 |       |     1 |     2 |       ||     4
       Phantom mirror    |       |       |       |       |       |       |       |     2 |       ||     2
       Box of beasts     |       |       |       |       |       |       |       |     1 |       ||     1
       Lightning rod     |       |       |       |       |       |       |       |     2 |       ||     2
  Use: Scroll            |     3 |     8 |     5 |       |    15 |     3 |     2 |     4 |     7 ||    47
       Potion            |       |       |     2 |       |     2 |       |     1 |     9 |     8 ||    22
 Stab: Distracted        |       |       |       |       |       |       |       |     1 |       ||     1
Armor: Robe              |     4 |    13 |    25 |     6 |     9 |     9 |     3 |     1 |       ||    70
       Troll leather arm |       |       |       |    14 |    16 |       |       |       |       ||    30
       Swamp dragon scal |       |       |       |       |       |       |     1 |       |       ||     1
       Acid dragon scale |       |       |       |       |       |       |       |    19 |    65 ||    84
Dodge: Dodged            |    14 |    89 |   255 |   198 |   360 |   242 |   161 |   478 |   617 ||  2414
